 Dungeon Crawl Stone Soup version 0.17-a0-1636-g3119f2b (console) character file.

31981 Monkaria the Devastator (level 13, -2/72 HPs)
             Began as a Deep Elf Conjurer on Aug 6, 2015.
             Was a High Priest of Vehumet.
             Slain by a spiny frog (14 damage)
             ... on level 4 of the Lair of Beasts.
             The game lasted 01:04:29 (23061 turns).

Monkaria the Devastator (Deep Elf Conjurer)        Turns: 23061, Time: 01:04:29

Health: -2/72      AC:  9    Str:  9    XL:     13   Next: 28%
Magic:  22/31      EV: 16    Int: 33    God:    Vehumet [*****.]
Gold:   472        SH:  0    Dex: 15    Spells: 8 memorised, 5 levels left

rFire  . . .     SeeInvis .     n - +9 war axe {chop, MR- Str+4 Int+4}
rCold  + + .     Clarity  .     M - +1 leather armour {rC+}
rNeg   . . .     SustAt   .     (no shield)
rPois  .         Gourm    +     q - +0 hat {Int+3}
rElec  .         Spirit   .     (no cloak)
rCorr  .         Warding  .     v - +0 pair of gloves
rMut   .         Stasis   .     (no boots)
MR     .....                    A - amulet of the gourmand
Stlth  ++........               X - +4 ring of protection
                                Z - ring of protection from cold

@: lethally poisoned (-2 -> -10), not resistant to hostile enchantments,
unstealthy
A: talons 1, mutation resistance 1
a: Renounce Religion


You were on level 4 of the Lair of Beasts.
You worshipped Vehumet.
Vehumet was extremely pleased with you.
You were not hungry.

You visited 3 branches of the dungeon, and saw 15 of its levels.

You collected 650 gold pieces.
You spent 178 gold pieces at shops.

Inventory:

Hand weapons
 n - the +9 war axe "Jeos" (weapon) {chop, MR- Str+4 Int+4}
   (You found it on level 4 of the Dungeon)

   It inflicts extra damage upon your enemies.
   It affects your strength (+4).
   It affects your intelligence (+4).
   It affects your resistance to hostile enchantments.
 F - a +3 scimitar of flaming
 U - a +0 blowgun
Missiles
 D - 5 javelins
 L - 39 poisoned needles
 S - 3 throwing nets (quivered)
Armour
 q - a +0 hat of intelligence (worn)
 v - a +0 pair of gloves (worn)
 G - a +2 helmet
 M - a +1 leather armour of cold resistance (worn)
Jewellery
 a - an uncursed amulet of warding
 y - an uncursed amulet of clarity
 A - an amulet of the gourmand (around neck)
 N - an uncursed ring of see invisible
 X - a +4 ring of protection (right hand)
 Z - a ring of protection from cold (left hand)
Magical devices
 d - a wand of cold (6)
 e - a wand of disintegration (12)
 h - a wand of polymorph (9)
 j - a wand of disintegration (3)
 m - a wand of draining (5)
 z - a wand of draining (5)
 R - a wand of fireball (12)
Scrolls
 i - a scroll of enchant armour
 k - a scroll of enchant weapon {unknown}
 l - a scroll of holy word {unknown}
 p - a scroll of teleportation
 w - 2 scrolls of fog
 O - 2 scrolls of remove curse
Potions
 f - a potion of resistance
 g - 2 potions of haste
 o - a potion of mutation {unknown}
 r - a potion of cancellation
 s - 2 potions of curing
 t - a potion of berserk rage
 K - a potion of heal wounds
 P - 5 potions of lignification
 Q - 2 potions of brilliance
 V - 2 potions of might {unknown}
 Y - a potion of magic
Comestibles
 b - 3 fruits
 c - 8 bread rations


   Skills:
 - Level 5.0 Fighting
 - Level 5.1 Armour
 - Level 8.2 Dodging
 - Level 2.4 Stealth
 - Level 12.1 Spellcasting
 - Level 16.2 Conjurations
 - Level 9.0 Charms
 + Level 6.6 Fire Magic
 - Level 4.3 Poison Magic


You had 5 spell levels left.
You knew the following spells:

 Your Spells              Type           Power        Failure   Level  Hunger
a - Magic Dart            Conj           ####         0%          1    None
b - Searing Ray           Conj           ######       0%          2    None
c - Iskenderun's Mystic   Conj           #######.     1%          4    None
d - Iskenderun's Battles  Conj/Chrm      #######.     1%          5    None
e - Venom Bolt            Conj/Pois      ######....   1%          5    None
f - Bolt of Magma         Conj/Fire/Erth ######....   1%          5    None
g - Sublimation of Blood  Necr           ###.......   4%          2    None
h - Delayed Fireball      Conj/Fire      N/A          8%          7    #####..


Dungeon Overview and Level Annotations

Branches:
Dungeon (10/15)            Temple (1/1) D:4            Lair (4/8) D:8
  Swamp: Lair:3-6    Shoals: Lair:3-6     Snake: Lair:3-6    Spider: Lair:3-6
    Orc: D:9-12

Altars:
Ashenzari
Cheibriados
Dithmenos
Elyvilon
Fedhas
Gozag
Kikubaaqudgha
Makhleb
Nemelex Xobeh
Okawaru
Qazlal
Ru
Sif Muna
Trog
Vehumet
Xom
Yredelemnul
Zin
The Shining One
Lugonu

Shops:
D:7 }   D:8 ([*(


Innate Abilities, Weirdness & Mutations

You have sharp toenails.
You are somewhat resistant to further mutation.


Message History

The searing ray hits the spiny frog.
The spiny frog is severely wounded.
The spiny frog misses you. The spiny frog misses you.
Casting: Searing Ray
Confirm with . or Enter, or press ? or * to list all spells.
Aiming: Searing Ray
Press: ? - help, Shift-Dir - straight line, f/p - spiny frog
Aim: a spiny frog (severely wounded)
The searing ray hits the spiny frog.
The spiny frog is severely wounded.
The spiny frog stings you!!
You are poisoned.
The spiny frog poisons you!
The searing ray misses the spiny frog.
You feel sick. The spiny frog stings you!
* * * LOW HITPOINT WARNING * * *
The searing ray misses the spiny frog.
You feel sick. The spiny frog stings you!
You die...

##.##.#...........
###.................
#.....#....#........
##......##..#.......#
#.#.....#....#..#..#.
###......##.##≈≈≈≈≈≈≈
#.........≈≈≈≈≈≈≈≈≈
#..F...#.≈≈≈#######
#.@......≈≈≈#≈≈≈w #
#........≈≈≈≈≈≈≈≈≈$
#........≈≈P#≈≈≈≈≈#
#(.......≈≈≈#######
#.........≈≈≈≈≈≈≈≈≈
#...........≈≈≈≈≈≈≈
#................?.
##..................
#...................


You could see a spiny frog.

Vanquished Creatures
  Gastronok (Lair:4)
  4 hydras
  Fannar (Lair:2)
  Erica (D:8)
  The ghost of Torax the Protected, a powerful HaHu of Trog (Lair:2)
  Urug (Lair:3)
  Nergalle (Lair:3)
  2 hill giants (D:10)
  Pikel (D:7)
  A lindwurm (Lair:1)
  2 ugly things (D:10)
  2 black mambas
  An elephant (D:8)
  Joseph (D:7)
  A gargoyle (D:10)
  5 spiny frogs
  3 kobold demonologists (D:10)
  5 komodo dragons
  2 trolls
  A polar bear (Lair:4)
  Prince Ribbit (D:8)
  A queen bee (Lair:3)
  The ghost of Monkaria the Destroyer, an average DECj (D:4)
  9 hippogriffs
  Eustachio (D:6)
  22 yaks
  A basilisk (Lair:3)
  A steam dragon (D:10)
  2 wyverns
  7 swamp worms (Lair:4)
  A sky beast (D:5)
  5 orc warriors
  A swamp drake (Lair:3)
  9 water moccasins
  5 ogres
  4 porcupines
  5 ice beasts
  2 black bears
  An eye of draining (D:8)
  A necrophage (D:8)
  A phantom (D:5)
  21 crocodiles
  4 centaurs
  9 giant frogs
  A big kobold (D:10)
  27 killer bees
  15 iguanas
  4 scorpions
  2 water moccasin skeletons
  4 wights (D:6)
  3 crimson imps
  2 giant frog zombies
  A jelly (D:10)
  3 orc priests
  2 centaur skeletons
  9 orc wizards
  5 hounds
  3 worker ants
  22 sheep
  A hound skeleton (D:6)
  7 gnolls
  9 adders
  A shadow imp (D:7)
  26 river rats
  An adder zombie (D:7)
  9 worms
  9 giant geckos
  36 orcs
  A ball python (D:4)
  12 goblins
  7 hobgoblins
  22 jackals
  6 quokkas
  9 bats
  5 giant cockroaches
  11 giant newts
  14 kobolds
  5 rats
  A fungus (Lair:3)
  2 plants (Lair:4)
449 creatures vanquished.

Vanquished Creatures (others)
  2 slaves (D:7)
  A scorpion (D:7)
  2 killer bees (D:10)
  A hound zombie (D:7)
  17 fungi
  7 plants
30 creatures vanquished.

Grand Total: 479 creatures vanquished

Notes
Turn   | Place    | Note
--------------------------------------------------------------
     0 | D:1      | Monkaria the Deep Elf Conjurer began the quest for the Orb.
     0 | D:1      | Reached XP level 1. HP: 10/10 MP: 6/6
   173 | D:1      | Reached XP level 2. HP: 15/15 MP: 4/8
   204 | D:1      | Reached skill level 5 in Conjurations
   861 | D:1      | Reached XP level 3. HP: 19/19 MP: 3/9
  1435 | D:2      | Found a shimmering altar of Xom.
  1572 | D:2      | Found an iron altar of Okawaru.
  1652 | D:3      | Learned a level 2 spell: Searing Ray
  1880 | D:3      | Reached skill level 6 in Conjurations
  2134 | D:3      | Reached XP level 4. HP: 24/24 MP: 8/10
  2787 | D:4      | Got a steaming war axe
  2788 | D:4      | Identified the +9 war axe "Jeos" {chop, MR- Str+4 Int+4} (You found it on level 4 of the Dungeon)
  2873 | D:4      | Noticed an ogre
  2882 | D:4      | Learned a level 4 spell: Iskenderun's Mystic Blast
  2892 | D:4      | Killed an ogre
  2892 | D:4      | Reached skill level 5 in Spellcasting
  2892 | D:4      | Reached XP level 5. HP: 11/28 MP: 3/14
  3153 | D:4      | Found a shadowy altar of Dithmenos.
  3188 | D:4      | Noticed Monkaria's ghost (average DECj)
  3194 | D:4      | Got a warped robe
  3208 | D:5      | Entered Level 5 of the Dungeon
  3219 | D:5      | Identified the +1 robe of the Bells {*Contam *Confuse rF+++ MR+} (You found it on level 4 of the Dungeon)
  3233 | D:5      | Gained mutation: Armour fits poorly on your strangely shaped body. [mutagenic glow]
  3288 | D:5      | Found a bloodstained altar of Trog.
  3369 | D:5      | Noticed a sky beast
  3386 | D:5      | Killed a sky beast
  3386 | D:5      | Reached XP level 6. HP: 16/32 MP: 10/17
  3390 | D:5      | Gained mutation: Scrolls take you a little longer to read. [mutagenic meat]
  3392 | D:5      | Gained mutation: You have sharp toenails. [mutagenic meat]
  3393 | D:5      | Gained mutation: Scrolls take you longer to read. [mutagenic meat]
  3854 | D:5      | Reached skill level 7 in Spellcasting
  4466 | D:4      | Reached skill level 8 in Spellcasting
  4487 | D:4      | Learned a level 5 spell: Iskenderun's Battlesphere
  4590 | D:4      | Reached XP level 7. HP: 36/36 MP: 16/20
  4594 | D:4      | Found a staircase to the Ecumenical Temple.
  4712 | D:4      | Killed Monkaria's ghost
  4732 | Temple   | Entered the Ecumenical Temple
  4798 | Temple   | Became a worshipper of Vehumet
  5413 | D:6      | Noticed Eustachio
  5422 | D:6      | Killed Eustachio
  5466 | D:6      | Reached skill level 9 in Conjurations
  5468 | D:6      | Reached XP level 8. HP: 9/41 MP: 13/22
  5499 | D:6      | HP: 2/41 [poisoned by a worker ant]
  5507 | D:6      | HP: 2/41 [poisoned by a worker ant]
  5925 | D:6      | Reached skill level 1 in Charms
  6648 | D:6      | Reached skill level 5 in Charms
  6692 | D:6      | Found a sparkling altar of Nemelex Xobeh.
  6908 | D:7      | Found a snail-covered altar of Cheibriados.
  7401 | D:7      | Found Nubbag's Gadget Emporium.
  7632 | D:7      | Noticed Joseph
  7649 | D:7      | Killed Joseph
  7649 | D:7      | Reached XP level 9. HP: 4/45 MP: 18/24
  7651 | D:7      | Acquired Vehumet's first power
  7651 | D:7      | Offered knowledge of Sandblast by Vehumet.
  7651 | D:7      | Reached skill level 10 in Spellcasting
  7964 | D:7      | Noticed Pikel
  7975 | D:7      | Killed Pikel
  7975 | D:7      | Reached skill level 5 in Dodging
  8806 | D:7      | Found a snail-covered altar of Cheibriados.
  9085 | D:8      | Learned a level 5 spell: Venom Bolt
  9095 | D:8      | Noticed Erica
  9103 | D:8      | Killed Erica
  9117 | D:8      | Found a staircase to the Lair.
  9117 | D:8      | Noticed an elephant
  9132 | D:8      | Killed an elephant
  9132 | D:8      | Reached XP level 10. HP: 31/58 MP: 1/26
  9313 | D:8      | Found Waebb's Weapon Shoppe.
  9419 | D:8      | Reached skill level 5 in Fighting
  9707 | D:8      | Found Tuercharu's Assorted Antiques.
  9724 | D:8      | Bought a glowing helmet for 108 gold pieces
  9724 | D:8      | Bought a scroll labeled DEPRUFAARAE for 24 gold pieces
  9777 | D:8      | Found a stormy altar of Qazlal.
  9789 | D:8      | Noticed Prince Ribbit
  9797 | D:8      | Killed Prince Ribbit
  9964 | D:8      | Found Rilirurch's Weapon Emporium.
  9978 | D:8      | Found Xotwil's Antique Armour Emporium.
  9986 | D:8      | Bought a runed leather armour for 46 gold pieces
 10046 | D:8      | Found Suiwugow's Armour Shoppe.
 10062 | D:8      | Reached skill level 1 in Armour
 10630 | D:9      | Offered knowledge of Throw Flame by Vehumet.
 11038 | D:9      | Found a bloodstained altar of Trog.
 11039 | D:9      | Found an iron altar of Okawaru.
 11536 | D:9      | Reached skill level 5 in Armour
 11546 | D:9      | Reached skill level 1 in Poison Magic
 11763 | D:10     | Entered Level 10 of the Dungeon
 11790 | D:10     | Noticed a hill giant
 11808 | D:10     | Killed a hill giant
 11808 | D:10     | Reached XP level 11. HP: 33/63 MP: 8/27
 12041 | D:10     | Offered knowledge of Throw Frost by Vehumet.
 12230 | D:10     | Noticed a white ugly thing
 12241 | D:10     | Killed a white ugly thing
 12254 | D:10     | Reached skill level 10 in Conjurations
 12261 | D:10     | Got a smoking falchion
 12308 | D:10     | Gained mutation: You can breathe flames. [mutagenic meat]
 12309 | D:10     | Gained mutation: You are agile. (Dex +2) [mutagenic meat]
 12310 | D:10     | Gained mutation: You expend magic power (3 MP) to strengthen your wands. [mutagenic meat]
 12323 | D:10     | Lost mutation: Armour fits poorly on your strangely shaped body. [potion of cure mutation]
 12323 | D:10     | Lost mutation: You expend magic power (3 MP) to strengthen your wands. [potion of cure mutation]
 12323 | D:10     | Lost mutation: Scrolls take you longer to read. [potion of cure mutation]
 12323 | D:10     | Lost mutation: You are agile. (Dex +2) [potion of cure mutation]
 12323 | D:10     | Lost mutation: Scrolls take you a little longer to read. [potion of cure mutation]
 12323 | D:10     | Lost mutation: You can breathe flames. [potion of cure mutation]
 12430 | D:10     | Noticed an ice devil
 12441 | D:10     | Found a corrupted altar of Lugonu.
 12463 | D:10     | Noticed a hill giant
 12576 | D:10     | Identified the +7 falchion of Hacking and Slashing {antimagic, rElec} (You found it on level 10 of the Dungeon)
 12675 | D:10     | Learned a level 5 spell: Bolt of Magma
 12855 | D:10     | Acquired Vehumet's second power
 12855 | D:10     | Reached skill level 11 in Conjurations
 12972 | D:10     | Noticed a purple ugly thing
 12977 | D:10     | Killed a purple ugly thing
 12994 | D:10     | Gained mutation: You are somewhat resistant to further mutation. [mutagenic meat]
 13283 | D:10     | Killed a hill giant
 13404 | D:10     | Offered knowledge of Inner Flame by Vehumet.
 13544 | D:10     | Reached skill level 12 in Conjurations
 13797 | Lair:1   | Entered Level 1 of the Lair of Beasts
 14222 | Lair:1   | Noticed a six-headed hydra
 14232 | Lair:1   | Killed a six-headed hydra
 14232 | Lair:1   | Reached skill level 13 in Conjurations
 14484 | Lair:1   | Reached XP level 12. HP: 21/68 MP: 4/28
 14554 | Lair:1   | Acquired Vehumet's third power
 14554 | Lair:1   | Reached skill level 14 in Conjurations
 14607 | Lair:1   | Noticed a lindwurm
 14614 | Lair:1   | Killed a lindwurm
 15150 | Lair:2   | Noticed Gastronok
 15162 | Lair:2   | Offered knowledge of Irradiate by Vehumet.
 15265 | Lair:2   | Noticed Fannar
 15281 | Lair:2   | Killed Fannar
 15282 | Lair:2   | Noticed Torax's ghost (powerful HaHu)
 15384 | Lair:1   | Noticed a four-headed hydra
 15410 | Lair:2   | Killed Torax's ghost
 15512 | Lair:1   | Killed a four-headed hydra
 15512 | Lair:1   | Reached skill level 15 in Conjurations
 17408 | Lair:3   | Noticed Urug
 17423 | Lair:3   | Killed Urug
 17792 | Lair:3   | Reached skill level 16 in Conjurations
 17811 | Lair:3   | Offered knowledge of Bolt of Draining by Vehumet.
 18284 | Lair:3   | Reached skill level 1 in Fire Magic
 19801 | Lair:1   | Learned a level 2 spell: Sublimation of Blood
 19839 | Lair:4   | Noticed a six-headed hydra
 19842 | Lair:4   | Killed a six-headed hydra
 20064 | Lair:4   | Noticed Nergalle
 20105 | Lair:4   | Offered knowledge of Delayed Fireball by Vehumet.
 20259 | Lair:4   | Reached XP level 13. HP: 25/72 MP: 13/30
 20900 | Lair:4   | Noticed a six-headed hydra
 20906 | Lair:4   | Killed a six-headed hydra
 21037 | Lair:4   | Learned a level 7 spell: Delayed Fireball
 21421 | Lair:3   | Killed Nergalle
 21968 | Lair:4   | Killed Gastronok
 23061 | Lair:4   | Slain by a spiny frog

Vault maps used:
D:1:      dpeg_arrival_long_road
D:2:      lemuel_coloured_pillars_altar, minmay_misc_feat_four_crosses,
          st_stairs_5, okawaru_altar_gauntlet_db
D:3:      small_statue_intersection
D:4:      kennysheep_mini, temple_fountains, first_bread
D:5:      basic_altar, nrook_loot_triangle, kennysheep_small_spiral
D:6:      nemelex_xobeh_ov_fountains_minmay, uniq_eustachio
D:7:      kennysheep_little_box, serial_curves, eino_curves_02, eino_curves_04,
          eino_curves_03, eino_curves_03, basic_altar, serial_shops, shop,
          uniq_joseph, uniq_pikel
D:8:      grunt_qazlal_clouds, david_lair_generic, serial_shops,
          nicolae_shop_statue_plus, nicolae_shop_behind_doors, shop,
          nicolae_shop_temple_entry_statues_fountains, nicolae_shop_trees,
          enter_bailey_3, minmay_misc_feat_ornament, uniq_prince_ribbit1,
          uniq_erica
D:9:      grunt_temple_overflow_bloody_war, grunt_ministairs_7
D:10:     kennysheep_kobold_lugonu_temple, grunt_ogre_cave,
          small_chamber_with_monster, minmay_misc_feat_cross
Temple:   zaba_magenta_temple_12
Lair:1:   nicolae_volcano_entry_vermiform
Lair:2:   minmay_holes, patterned_corridor, uniq_fannar, uniq_gastronok
Lair:3:   lemuel_reptile_caves, special_room, serial_bayou_shore_b,
          grunt_megastairs_1, infiniplex_staircase_pool_2, uniq_urug
Lair:4:   worms_lemuel, uniq_nergalle

Action                   |  1- 3 |  4- 6 |  7- 9 | 10-12 | 13-15 || total
-------------------------+-------+-------+-------+-------+-------++-------
Melee: War axe           |       |     5 |     1 |    68 |    39 ||   113
 Cast: Magic Dart        |    97 |    59 |    57 |   219 |     9 ||   441
       Searing Ray       |     1 |     8 |    36 |   157 |    15 ||   217
       Iskenderun's Myst |       |       |    19 |    82 |    16 ||   117
       Iskenderun's Batt |       |       |     2 |    10 |     3 ||    15
       Venom Bolt        |       |       |       |    13 |       ||    13
       Bolt of Magma     |       |       |       |    14 |     6 ||    20
       Delayed Fireball  |       |       |       |       |     1 ||     1
 Abil: Release Delayed F |       |       |       |       |     1 ||     1
  Use: Scroll            |     9 |     4 |     1 |    13 |     1 ||    28
       Potion            |       |       |     4 |     2 |     1 ||     7
  Eat: Chunk             |     3 |    12 |    22 |    44 |     5 ||    86
